 Dungeon Crawl Stone Soup version 0.21-a0 (webtiles) character file.

32337 flbbrgst the Basher (level 13, -4/130 HPs)
             Began as a Troll Fighter on May 17, 2017.
             Was an Elder of Trog.
             Slain by a blink frog (10 damage)
             ... on level 5 of the Lair of Beasts on May 19, 2017.
             The game lasted 01:28:30 (15860 turns).

flbbrgst the Basher (Troll Fighter)                Turns: 15860, Time: 01:28:31

Health: -4/130     AC: 10    Str: 30    XL:     13   Next: 30%
Magic:  12/12      EV: 13    Int:  4    God:    Trog [****..]
Gold:   875        SH: 13    Dex: 10    Spells: 12/12 levels left

rFire    . . .     SeeInvis .   B - +1 morningstar (crush)
rCold    . . .     Gourm    +   c - +2 shield
rNeg     . . .     Faith    .   b - +0 robe
rPois    +         Spirit   .   x - +2 hat
rElec    .         Reflect  .   G - +2 cloak
rCorr    .         Harm     .   (gloves unavailable)
MR       .....     Clarity  +   (boots unavailable)
Stlth    ++........             h - amulet of regeneration
Regen    1.2/turn               A - ring of stealth
MPRegen  0.2/turn               a - ring of poison resistance

@: lethally poisoned (-4 -> -5)
A: unfitting armour, claws 3, clarity, fast metabolism 3, gourmand, regeneration
1, shaggy fur 1, tough skin 2
a: Berserk, Trog's Hand, Brothers in Arms, Burn Spellbooks, Renounce Religion


You were on level 5 of the Lair of Beasts.
You worshipped Trog.
Trog was greatly pleased with you.
You were completely stuffed.

You visited 3 branches of the dungeon, and saw 16 of its levels.
You also visited: Labyrinth.

You collected 875 gold pieces.

Inventory:

Hand Weapons
 y - the +4 hunting sling "Jimir" {velocity, +Blink rPois}
   (You found it on level 4 of the Dungeon)

   Any stone fired from it inflicts extra damage.
   It protects you from poison.
   It lets you blink.
 B - a +1 morningstar of crushing (weapon)
 N - a +2 great mace of crushing
Missiles
 z - 268 stones
 R - 19 sling bullets (quivered)
Armour
 b - a +0 robe (worn)
 c - a +2 shield (worn)
 x - a +2 hat (worn)
 D - a scarf of repulsion
 G - a +2 cloak (worn)
Jewellery
 a - a ring of poison resistance (right claw)
 h - an amulet of regeneration (around neck)
 p - an uncursed amulet of faith
 A - a ring of stealth (left claw)
 O - an uncursed ring of ice
 P - an uncursed ring of protection from fire
Wands
 g - a wand of confusion (21/48)
 E - a wand of acid (6/15)
 I - a wand of confusion (30/48)
 Q - a wand of iceblast (10/15)
 Y - a wand of acid (10/15)
 Z - a wand of confusion (19/48)
Scrolls
 e - 2 scrolls of identify
 l - 3 scrolls of teleportation
 t - 2 scrolls of blinking
 v - 3 scrolls of magic mapping
 J - 4 scrolls of remove curse
Potions
 d - 4 potions of might
 k - a potion of brilliance {unknown}
 n - 4 potions of flight
 s - 2 potions of lignification
 F - a potion of resistance {unknown}
 L - a potion of experience {unknown}
 M - a potion of cancellation {unknown}
 T - 3 potions of curing
Miscellaneous
 u - a sack of spiders
Comestibles
 f - 7 bread rations
 m - 7 meat rations
 r - 2 royal jellies
 H - 19 fruits
 W - 7 chunks of flesh


   Skills:
 + Level 8.8 Fighting
 + Level 12.5 Maces & Flails
 + Level 5.1 Slings
 - Level 3.1 Armour
 + Level 8.3 Dodging
 + Level 8.3 Shields


You had 12 spell levels left.
You didn't know any spells.

Dungeon Overview and Level Annotations

Branches:
Dungeon (9/15)             Temple (1/1) D:6            Lair (6/6) D:8
 Shoals (0/4) Lair:2       Spider (0/4) Lair:3          Orc (0/2) D:9
  Slime: Lair:5-6

Altars:
Ashenzari
Cheibriados
Dithmenos
Elyvilon
Fedhas
Gozag
Hepliaklqana
Kikubaaqudgha
Makhleb
Nemelex Xobeh
Okawaru
Qazlal
Ru
Sif Muna
Trog
Uskayaw
Vehumet
Wu Jian
Xom
Yredelemnul
Zin
The Shining One


Innate Abilities, Weirdness & Mutations

You are too large for most types of armour.
You have claws for hands.
Your metabolism is lightning-fast.
You like to eat raw meat.
Your natural rate of healing is unusually fast.
You are covered in fur. (AC +1)
You have very tough skin. (AC +2)
You possess an exceptional clarity of mind.


Message History

You feel sick.
The blink frog blinks!
You feel sick.
You feel sick. The blink frog hits you!
* * * LOW HITPOINT WARNING * * *
The blink frog blinks!
You feel sick. You block the wolf's attack.
You feel much better.
You feel sick. The wolf closely misses you. The blink frog hits you.
* * * LOW HITPOINT WARNING * * *
You block the wolf's attack. You block the blink frog's attack.
You closely miss the wolf.
You feel sick. The wolf bites you but does no damage.
The bullfrog closely misses you. You block the spiny frog's attack.
The blink frog hits you!
* * * LOW HITPOINT WARNING * * *
You feel sick. You block the wolf's attack.
It was a potion of magic.
Magic courses through your body.
You feel sick. The wolf bites you.
* * * LOW HITPOINT WARNING * * *
You block the bullfrog's attack. The blink frog hits you!
You die...

##.......P###.###...P##.....###
#..#..#...# ### #######.#.....#
..........## ##### ####.P###
##....#....# ###...## #....#
#....#....### #.....P# ##P.##
#....##.....# ##...P#####...##
#...####...#####.....#.###...#
.#...# ##..P.#...F......PP...#
##..######......@h......P...#####
##...##........FF...........##.#
##.#.........#.P.........#.###..
#.........>.##P#................
##...........####.#..###.........
#.............P####### ##.#......
........(......# #.....8..
..............## ######......
..............# ######.#.#####...


You could see a spiny frog, a blink frog, a wolf and a bullfrog.

Vanquished Creatures
  Rupert (Lair:3)
  A minotaur (Lab)
  2 hydras
  A catoblepas (Lair:3)
  Harold (Lair:2)
  The ghost of jotwebe the Martial Artist, a journeyman MfTm of Dithmenos (Lair:1)
  A two-headed ogre (D:8)
  6 death yaks
  An orb spider (Lair:3)
  3 elephants (Lair:5)
  2 black mambas
  9 spiny frogs
  5 komodo dragons
  A polar bear (Lair:3)
  9 blink frogs
  6 dream sheep (Lair:3)
  5 hippogriffs
  Sigmund (D:6)
  2 wyverns
  25 yaks
  3 basilisks
  3 hungry ghosts (D:9)
  The ghost of jotwebe the Ruffian, an amateur DrTm (D:3)
  A steam dragon (D:8)
  12 water moccasins
  The ghost of defa the Conjurer, an amateur DECj (D:4)
  10 porcupines
  A black bear (Lair:2)
  2 orc warriors
  A sky beast (D:7)
  An ice beast (D:9)
  An ogre (D:6)
  A phantom (D:7)
  6 wolves
  5 centaurs
  5 crocodiles
  A big kobold (D:9)
  12 bullfrogs
  A troll zombie (D:9)
  6 killer bees
  4 howler monkeys
  3 jellies
  4 electric eels (Lair:2)
  6 crimson imps
  2 bullfrog zombies (D:7)
  4 hounds
  4 orc priests
  A gnoll shaman (D:8)
  2 iguanas
  3 bullfrog skeletons
  3 orc wizards
  3 worker ants
  6 ogre zombies (D:9)
  A hound zombie (D:9)
  A hound skeleton (D:4)
  6 adders
  2 gnolls (D:8)
  A shadow imp (D:6)
  An ooze (D:2)
  An adder skeleton (D:7)
  3 worms
  4 leopard geckos
  16 orcs
  9 bats
  5 giant cockroaches
  6 goblins
  7 hobgoblins
  4 jackals (D:2)
  2 quokkas (D:4)
  A ball python (D:4)
  4 frilled lizards
  2 goblin skeletons (D:9)
  3 goblin zombies (D:9)
  A hobgoblin skeleton (D:9)
  5 hobgoblin zombies (D:9)
  14 kobolds
  3 orc skeletons (D:9)
  10 orc zombies (D:9)
  8 rats
  A bush (Lair:2)
  4 fungi
  2 plants
329 creatures vanquished.

Vanquished Creatures (collateral kills)
  A gnoll (D:8)
1 creature vanquished.

Vanquished Creatures (others)
  9 fungi
  11 plants
20 creatures vanquished.

Grand Total: 350 creatures vanquished

Notes
Turn   | Place    | Note
-------+----------+-------------------------------------------
     0 | D:1      | flbbrgst the Troll Fighter began the quest for the Orb.
     0 | D:1      | Reached XP level 1. HP: 22/22 MP: 0/0
   113 | D:1      | Upgraded the game from 0.20-a0-1127-g1289703 to 0.21-a0
   197 | D:1      | Reached skill level 2 in Maces & Flails
   207 | D:1      | Reached XP level 2. HP: 29/29 MP: 1/1
   967 | D:2      | Reached XP level 3. HP: 32/36 MP: 2/2
  1065 | D:2      | Found a basalt altar of Yredelemnul.
  1944 | D:3      | Reached XP level 4. HP: 29/44 MP: 3/3
  1999 | D:3      | Noticed jotwebe's ghost (amateur DrTm)
  2084 | D:3      | HP: 1/44 [orc priest/mace (11)]
  2088 | D:3      | Reached skill level 3 in Maces & Flails
  2445 | D:4      | Found a sparkling altar of Nemelex Xobeh.
  2501 | D:4      | Reached XP level 5. HP: 50/52 MP: 4/4
  3251 | D:4      | Got a bloodstained hunting sling
  3252 | D:4      | Identified the +4 hunting sling "Jimir" {velocity, +Blink rPois} (You found it on level 4 of the Dungeon)
  3324 | D:4      | Noticed defa's ghost (amateur DECj)
  3414 | D:3      | Killed jotwebe's ghost
  3414 | D:3      | Reached skill level 4 in Maces & Flails
  3414 | D:3      | Reached XP level 6. HP: 36/61 MP: 5/5
  3470 | D:4      | Killed defa's ghost
  3557 | D:4      | Noticed an orc warrior
  3702 | D:3      | Killed an orc warrior
  3702 | D:3      | Reached XP level 7. HP: 37/67 MP: 6/6
  4071 | D:5      | Entered Level 5 of the Dungeon
  4080 | D:5      | You fall through a shaft for 2 floors!
  4224 | D:6      | Reached skill level 1 in Slings
  4226 | D:6      | Reached skill level 5 in Maces & Flails
  4388 | D:6      | Found a deep blue altar of Sif Muna.
  4470 | D:6      | Noticed Sigmund
  4483 | D:6      | Killed Sigmund
  4508 | D:6      | Found a burning altar of Makhleb.
  4572 | D:6      | Reached XP level 8. HP: 47/78 MP: 7/7
  4838 | D:6      | Found a staircase to the Ecumenical Temple.
  4843 | Temple   | Entered the Ecumenical Temple
  5438 | D:7      | Found a shadowy altar of Dithmenos.
  5473 | D:7      | Found a hide-covered altar of Uskayaw.
  5519 | D:7      | Reached skill level 6 in Maces & Flails
  5982 | D:7      | Reached skill level 5 in Shields
  5994 | D:7      | Reached XP level 9. HP: 84/85 MP: 8/8
  6078 | D:8      | Found an ancient bone altar of Kikubaaqudgha.
  6140 | D:8      | Reached skill level 5 in Dodging
  6141 | D:8      | Reached skill level 7 in Maces & Flails
  6210 | D:8      | Found a staircase to the Lair.
  6644 | D:8      | Found a bloodstained altar of Trog.
  6648 | D:8      | Became a worshipper of Trog the Wrathful
  6657 | D:8      | Found a hazy altar of Hepliaklqana.
  6995 | D:9      | Noticed a two-headed ogre
  7239 | D:9      | Reached skill level 5 in Fighting
  7267 | D:9      | Found a glowing silver altar of Zin.
  7269 | D:9      | Noticed an angel
  7273 | D:9      | Found a shimmering altar of Xom.
  7535 | D:9      | Reached * piety under Trog
  7535 | D:9      | Reached skill level 8 in Maces & Flails
  7730 | D:8      | Killed a two-headed ogre
  7730 | D:8      | Reached XP level 10. HP: 29/96 MP: 9/9
  7902 | D:9      | Found a staircase to the Orcish Mines.
  7972 | D:9      | Reached ** piety under Trog
  8387 | Lair:1   | Entered Level 1 of the Lair of Beasts
  8520 | Lair:1   | Noticed jotwebe's ghost (journeyman MfTm)
  8521 | Lair:1   | Reached skill level 9 in Maces & Flails
  8608 | Lair:1   | Killed jotwebe's ghost
  9228 | Lair:1   | Reached skill level 1 in Armour
  9382 | D:8      | Gained mutation: You are clumsy. (Dex -2) [potion of mutation]
  9382 | D:8      | Gained mutation: You possess an exceptional clarity of mind. [potion of mutation]
  9382 | D:8      | Lost mutation: You are clumsy. (Dex -2) [potion of mutation]
  9699 | Lair:2   | Reached skill level 10 in Maces & Flails
  9699 | Lair:2   | Reached XP level 11. HP: 74/105 MP: 10/10
 10145 | Lair:2   | Noticed Harold
 10410 | Lair:2   | Found a staircase to the Shoals.
 10510 | Lair:2   | Reached *** piety under Trog
 10590 | Lair:2   | Killed Harold
 11195 | Lair:3   | Noticed a death yak
 11195 | Lair:3   | Noticed a death yak
 11195 | Lair:3   | Noticed a death yak
 11225 | Lair:3   | Noticed a death yak
 11226 | Lair:3   | Noticed a death yak
 11252 | Lair:3   | Killed a death yak
 11254 | Lair:3   | Noticed a death yak
 11272 | Lair:3   | Noticed a death yak
 11272 | Lair:3   | Noticed a death yak
 11310 | Lair:2   | Killed a death yak
 11371 | Lair:2   | Killed a death yak
 11490 | Lair:2   | Killed a death yak
 11497 | Lair:2   | Killed a death yak
 11650 | Lair:3   | Reached skill level 11 in Maces & Flails
 11662 | Lair:3   | Reached XP level 12. HP: 103/115 MP: 11/11
 11783 | Lair:3   | Noticed Rupert
 11921 | Lair:3   | Found a hole to the Spider Nest.
 12106 | Lair:3   | Killed a death yak
 12107 | Lair:3   | Noticed a death yak
 12726 | Lair:3   | Killed Rupert
 12809 | Lair:3   | Noticed a catoblepas
 12844 | Lair:3   | Killed a catoblepas
 12844 | Lair:3   | Reached **** piety under Trog
 13038 | Lair:4   | Noticed a four-headed hydra
 13219 | Lair:4   | Noticed a six-headed hydra
 13222 | Lair:4   | Reached skill level 5 in Slings
 13276 | Lair:4   | Killed a four-headed hydra
 13450 | Lair:4   | Reached skill level 12 in Maces & Flails
 13585 | Lair:3   | Killed a six-headed hydra
 14015 | Lair:4   | Reached XP level 13. HP: 115/128 MP: 12/12
 14921 | Lair:5   | Identified the Catalogue of the Sinister Glacier
 15278 | Lair:6   | Entered Level 6 of the Lair of Beasts
 15278 | Lair:6   | Found a labyrinth entrance.
 15309 | Lab      | Entered a labyrinth
 15434 | Lab      | Noticed a minotaur
 15445 | Lab      | Killed a minotaur
 15822 | Lair:5   | Identified a scroll of acquirement
 15860 | Lair:5   | HP: 6/130 [wolf (6)]
 15860 | Lair:5   | Slain by a blink frog

Vault maps used:
D:1:      sevenhm_arrival_forest_fort_large_2, supply_closet_lemuel
D:2:      yredelemnul_altar_generic, hangedman_decor_growths, kennysheep_boxes
D:3:      first_bread
D:4:      nemelex_xobeh_ov_fountains_minmay
D:5:      basic_altar, serial_bayou_pond_d, uniq_crazy_yiuf_cottage
D:6:      nicolae_overflow_crystal_walls, temple_doors_cd, led_sif_book,
          uniq_sigmund
D:7:      overflow_temple_1_default, basic_altar
D:8:      kiku_gazebo_garden_becter, amethyst_overflow_temple_binary,
          grunt_lair_entry_orc_guard_hut
D:9:      grunt_temple_overflow_order_and_chaos_1, zombieorc2_lemuel
Temple:   dshaligram_water_room_temple
Lair:1:   serial_bayou_crossing, grunt_megastairs_5
Lair:2:   minmay_shoals_entry_centaurs, disabler_island, serial_bayou_shore_b,
          uniq_harold
Lair:3:   nicolae_spider_entry_orb_guardian, hangedman_lair_generics_rect,
          grunt_megastairs_1, uniq_rupert
Lair:5:   infiniplex_staircase_pool_2, grunt_megastairs_3
Lair:6:   minmay_lair_end_frog_pond, slime_altar_2, lab_entry_generic
Lab:      nicolae_lab_dead_adventurers, nicolae_lab_t_cross, nicolae_lab_blocks,
          nicolae_lab_big_swirl

Skill      XL: |  1  2  3  4  5  6  7  8  9 10 11 12 |
---------------+-------------------------------------+-----
Maces & Flails | 2 3 4 5 6 8 10 11 12 | 12.5
Shields        | 3 4 5 6 7 8 |  8.3
Dodging        | 3 4 5 6 7 8 |  8.3
Fighting       | 3 4 5 6 8 |  8.8
Slings         | 1 2 3 4 5 |  5.1
Armour         | 1 3 |  3.1

Action                   |  1- 3 |  4- 6 |  7- 9 | 10-12 | 13-15 || total
-------------------------+-------+-------+-------+-------+-------++-------
Melee: Flail             |   210 |   202 |    11 |       |       ||   423
       Morningstar       |       |       |   353 |   725 |   171 ||  1249
 Fire: Hunting sling     |       |     4 |    11 |   115 |     6 ||   136
Invok: Burn Spellbooks   |       |       |     1 |     1 |     2 ||     4
       Berserk           |       |       |       |     2 |       ||     2
  Use: Scroll            |     1 |     1 |     6 |    14 |     5 ||    27
       Potion            |       |     1 |     9 |     5 |     2 ||    17
 Stab: Sleeping          |       |       |     3 |       |     1 ||     4
       Distracted        |       |       |       |     1 |       ||     1
  Eat: Chunk             |    18 |    15 |    38 |    64 |    21 ||   156
       Bread ration      |       |       |     3 |       |     1 ||     4
       Fruit             |       |       |       |     2 |       ||     2
Armor: Robe              |   120 |    65 |   133 |   142 |    36 ||   496
       Skin              |       |       |       |     3 |       ||     3
Dodge: Dodged            |    93 |    68 |   169 |   252 |    96 ||   678
Block: Shield            |   117 |   103 |   224 |   429 |   159 ||  1032
